Flyers vs Panthers
Created - January 30, 2021 at 19:16
Goals
|
| Flyers |
3 |
1 |
0 |
4 |
| Panthers |
0 |
1 |
0 |
1 |
|
Shots
|
| Flyers |
12 |
12 |
8 |
32 |
| Panthers |
4 |
13 |
7 |
24 |
|
1st period
1. Flyers , Matthew Lombardi 9 (Chris Mcallister 17, Ryan Callahan 11) at 10:40
2. Flyers , Drew Miller 20 (Erik Christensen 10, Mats Zuccarello 15) at 19:07
3. Flyers , Jakub Voracek 22 (Jeff Woywitka 17, Jordan Nolan 29) at 19:15
Penalties :
Alex Galchenyuk (Flo) for Slashing (Minor) at 0:22, Matt Duchene (Flo) for Roughing (Minor) at 3:26, Drew Miller (Phi) for Hooking (Minor) at 11:45, Ryan Strome (Flo) for Hooking (Minor) at 15:14
2nd period
4. Flyers , Jeff Carter 15 (J.T. Miller 22, Marcus Kruger 20) at 7:18
5. Panthers , Alex Galchenyuk 27 (Matt Duchene 44) at 10:23
Penalties :
J.T. Miller (Phi) for Tripping (Minor) at 13:40, Radko Gudas (Flo) for Goalie Interference (Minor) at 18:58
3rd period
No Goal
Penalties :
Andrei Kostitsyn (Flo) for Tripping (Minor) at 4:46, Max Reinhart (Flo) for Hooking (Minor) at 7:43, Jeff Woywitka (Phi) for Tripping (Minor) at 18:20
Goalie Stats
Steve Mason (Phi), 23 saves from 24 shots - (0.958), W, 20-12-5, 60:00 minutes
Petr Mrazek (Flo), 14 saves from 14 shots - (1.000), 32:42 minutes
Braden Holtby (Flo), 14 saves from 18 shots - (0.778), L, 5-2-1, 27:18 minutes
Players Stats for Flyers
Player Name G A P +/- PIM S H SB GA TA FO MP PP MP PK MP
------------------------------------------------------------------------------------
Brian Lashoff 0 0 0 1 0 0 1 1 0 0 0/0 17:00 0:00 2:36
Brock Nelson 0 0 0 0 0 1 1 0 0 0 0/0 12:00 0:00 0:04
Chris Mcallister 0 1 1 1 0 2 1 0 0 0 0/0 11:10 0:04 2:53
Drew Miller 1 0 1 1 2 2 0 0 0 0 0/0 16:40 5:52 1:44
Erik Christensen 0 1 1 1 0 1 0 0 0 0 5/6 9:10 0:00 0:16
J.T. Miller 0 1 1 1 2 1 1 1 0 0 0/0 20:27 5:58 0:56
Jakub Voracek 1 0 1 0 0 5 0 0 0 1 0/2 18:14 5:52 0:00
Jeff Carter 1 0 1 1 0 2 3 0 1 0 10/24 19:17 6:02 0:00
Jeff Woywitka 0 1 1 0 2 4 0 1 0 0 0/0 23:52 5:49 2:02
Jonathan Ericsson 0 0 0 2 0 1 0 0 0 0 0/0 21:16 5:49 3:04
Jordan Nolan 0 1 1 0 0 4 2 0 0 0 9/20 20:59 5:52 2:40
Marcus Kruger 0 1 1 1 0 1 0 0 1 0 0/0 19:07 6:02 0:00
Mats Zuccarello 0 1 1 1 0 1 1 0 0 0 0/1 8:30 0:00 0:00
Matt Smaby 0 0 0 1 0 2 2 0 0 0 0/0 13:49 0:00 0:00
Matthew Lombardi 1 0 1 1 0 2 0 0 0 0 5/9 10:44 0:00 2:41
Nathan Beaulieu 0 0 0 0 0 1 1 1 0 0 0/0 22:44 6:05 1:56
Oliver Ekman-Larsson 0 0 0 2 0 2 5 1 0 1 0/0 21:18 6:05 1:36
Ryan Callahan 0 1 1 1 0 0 0 0 0 0 0/0 8:03 0:00 0:00
Players Stats for Panthers
Player Name G A P +/- PIM S H SB GA TA FO MP PP MP PK MP
------------------------------------------------------------------------------------
Alex Galchenyuk 1 0 1 -2 2 3 0 1 1 0 0/2 19:00 3:14 1:44
Alex Goligoski 0 0 0 -3 0 3 0 1 0 1 0/0 21:02 1:54 4:44
Andrei Kostitsyn 0 0 0 0 2 1 1 0 0 0 0/0 9:29 0:00 0:21
Brandon Gormley 0 0 0 -3 0 0 3 0 0 0 0/0 16:35 1:54 0:00
Chad Larose 0 0 0 -1 0 0 1 1 0 0 1/1 10:56 0:11 4:26
David Booth 0 0 0 -1 0 3 0 0 0 0 0/0 6:01 0:11 0:00
Drew Stafford 0 0 0 -2 0 2 1 2 0 0 1/1 23:42 3:14 6:21
Erik Gudbranson 0 0 0 0 0 2 1 3 0 0 0/0 29:00 3:43 7:10
Jeff Skinner 0 0 0 0 0 1 0 0 0 1 0/0 15:12 2:12 0:00
Jonathan Sigalet 0 0 0 0 0 0 0 0 0 0 0/0 10:15 0:00 0:17
Kyle Wellwood 0 0 0 -1 0 0 1 0 0 0 0/1 6:18 0:00 0:29
Matt Duchene 0 1 1 -2 2 5 3 1 1 0 17/29 19:17 3:25 1:57
Max Reinhart 0 0 0 0 2 0 1 0 0 0 4/10 14:29 0:00 5:11
Radko Gudas 0 0 0 0 2 0 0 0 0 0 0/0 26:56 3:43 4:27
Ryan Strome 0 0 0 0 2 1 0 1 0 0 0/0 15:12 2:12 0:00
Taylor Chorney 0 0 0 0 0 0 0 1 0 0 0/0 16:33 0:00 7:10
Tomas Kopecky 0 0 0 0 0 1 1 0 0 0 0/0 9:07 0:00 0:00
Travis Zajac 0 0 0 0 0 2 1 0 0 0 10/18 18:56 2:12 3:19
3 Stars
1 - Jeff Carter (Phi)
2 - Steve Mason (Phi)
3 - Matthew Lombardi (Phi)
Power Play
Flyers - 0 on 6 Attempt(s) - 0.00%
Panthers - 0 on 3 Attempt(s) - 0.00%
Penalty Kill
Flyers - 3 on 3 Attempt(s) - 100.00%
- Score 0 goal in Penalty Kill
Panthers - 6 on 6 Attempt(s) - 100.00%
- Score 0 goal in Penalty Kill
Team Stat
Flyers - Hits : 18 - Faceoff Wins : 29 - Blocked Shots : 5 - Penalty Minutes : 6
Panthers - Hits : 14 - Faceoff Wins : 33 - Blocked Shots : 11 - Penalty Minutes : 12
Official
Referees : Unknown
Linesman : Unknown
Game Notes
Petr Mrazek enters game at 7:18 of 2nd period
Oliver Ekman-Larsson is injured at 12:23 of 3rd period (Bruised Right Arm)
Finance
Level 1 -- Attendance: 4422 (73.70%) -- Ticket Income $530,640
Level 2 -- Attendance: 3856 (77.12%) -- Ticket Income $269,920
Level 3 -- Attendance: 1607 (80.35%) -- Ticket Income $72,315
Level 4 -- Attendance: 2607 (65.18%) -- Ticket Income $91,245
Luxury Box -- Attendance: 881 (88.10%) -- Ticket Income $171,795
Game was played at the Bank Atlantic Cente.
Total Attendance: 13373 (74.29%)
Total Ticket Income: $1,135,915
Other Income: $170,387
Total Income: $1,306,302
Flyers
5 vs 5 Forward
Center Left Wing Right Wing Time % Phy DF OF
1 Jeff Carter J.T. Miller Marcus Kruger 33 0 1 4
2 Jordan Nolan Brock Nelson Jakub Voracek 32 0 1 4
3 Erik Christensen Drew Miller Mats Zuccarello 25 0 2 3
4 Matthew Lombardi Chris Mcallister Ryan Callahan 10 0 4 1
5 vs 5 Defense
Defense Defense Time % Phy DF OF
1 Oliver Ekman-Larsson Jonathan Ericsson 30 1 3 1
2 Jeff Woywitka Nathan Beaulieu 30 1 3 1
3 Brian Lashoff Matt Smaby 30 1 3 1
4 Oliver Ekman-Larsson Jeff Woywitka 10 1 3 1
PowerPlay Forward
Center Left Wing Right Wing Time % Phy DF OF
1 Jeff Carter J.T. Miller Marcus Kruger 50 0 1 4
2 Jordan Nolan Drew Miller Jakub Voracek 50 0 1 4
PowerPlay Defense
Defense Defense Time % Phy DF OF
1 Oliver Ekman-Larsson Nathan Beaulieu 50 0 2 3
2 Jonathan Ericsson Jeff Woywitka 50 0 2 3
Penalty Kill 4 Players Forward
Center Wing Time % Phy DF OF
1 Matthew Lombardi Chris Mcallister 50 0 4 1
2 Jordan Nolan Drew Miller 50 0 4 1
Penalty Kill 4 Players Defense
Defense Defense Time % Phy DF OF
1 Oliver Ekman-Larsson Brian Lashoff 50 1 4 0
2 Jeff Woywitka Jonathan Ericsson 50 1 4 0
Penalty Kill - 3 Players Forward
Forward Time % Phy DF OF
1 Matthew Lombardi 50 0 4 1
2 Jordan Nolan 50 0 4 1
Penalty Kill - 3 Players Defense
Defense Defense Time % Phy DF OF
1 Oliver Ekman-Larsson Brian Lashoff 50 1 4 0
2 Jeff Woywitka Jonathan Ericsson 50 1 4 0
4 vs 4 Forward
Center Wing Time % Phy DF OF
1 Jeff Carter J.T. Miller 50 0 2 3
2 Jordan Nolan Jakub Voracek 50 0 2 3
4 vs 4 Defense
Defense Defense Time % Phy DF OF
1 Oliver Ekman-Larsson Nathan Beaulieu 50 1 3 1
2 Jeff Woywitka Jonathan Ericsson 50 1 3 1
Last Minutes Offensive
Center Left Wing Right Wing Defense Defense
Jeff Carter J.T. Miller Jakub Voracek Oliver Ekman-Larsson Jeff Woywitka
Last Minutes Defensive
Center Left Wing Right Wing Defense Defense
Matthew Lombardi Drew Miller Mats Zuccarello Oliver Ekman-Larsson Brian Lashoff
Goaltenders
Starting : Steve Mason
Backup : Ilya Sorokin
Extra Forwards
Normal : Jeff Carter, Jordan Nolan, Drew Miller - PP : Jeff Carter, Jordan Nolan - PK : Drew Miller
Extra Defensemen
Normal : Oliver Ekman-Larsson, Jeff Woywitka, Jonathan Ericsson - PP : Oliver Ekman-Larsson - PK : Oliver Ekman-Larsson, Jeff Woywitka
Penalty Shots
Jeff Carter, Jordan Nolan, J.T. Miller, Marcus Kruger, Jakub Voracek
Scratches
Ray Emery (Healthy)
Panthers
5 vs 5 Forward
Center Left Wing Right Wing Time % Phy DF OF
1 Matt Duchene Alex Galchenyuk Drew Stafford 40 0 2 3
2 Travis Zajac Jeff Skinner Ryan Strome 30 0 2 3
3 Max Reinhart Andrei Kostitsyn Tomas Kopecky 20 0 3 2
4 Kyle Wellwood David Booth Chad Larose 10 1 2 2
5 vs 5 Defense
Defense Defense Time % Phy DF OF
1 Erik Gudbranson Radko Gudas 40 0 2 3
2 Alex Goligoski Brandon Gormley 30 0 2 3
3 Taylor Chorney Jonathan Sigalet 20 1 2 2
4 Alex Goligoski Radko Gudas 10 1 2 2
PowerPlay Forward
Center Left Wing Right Wing Time % Phy DF OF
1 Matt Duchene Alex Galchenyuk Drew Stafford 60 0 1 4
2 Travis Zajac Jeff Skinner Ryan Strome 40 0 1 4
PowerPlay Defense
Defense Defense Time % Phy DF OF
1 Erik Gudbranson Radko Gudas 60 0 2 3
2 Alex Goligoski Brandon Gormley 40 0 2 3
Penalty Kill 4 Players Forward
Center Wing Time % Phy DF OF
1 Max Reinhart Drew Stafford 60 1 3 1
2 Travis Zajac Chad Larose 40 1 3 1
Penalty Kill 4 Players Defense
Defense Defense Time % Phy DF OF
1 Erik Gudbranson Taylor Chorney 60 1 4 0
2 Alex Goligoski Radko Gudas 40 1 4 0
Penalty Kill - 3 Players Forward
Forward Time % Phy DF OF
1 Drew Stafford 60 1 3 1
2 Max Reinhart 40 1 3 1
Penalty Kill - 3 Players Defense
Defense Defense Time % Phy DF OF
1 Erik Gudbranson Taylor Chorney 60 1 4 0
2 Alex Goligoski Brandon Gormley 40 1 4 0
4 vs 4 Forward
Center Wing Time % Phy DF OF
1 Matt Duchene Alex Galchenyuk 60 0 2 3
2 Travis Zajac Jeff Skinner 40 0 2 3
4 vs 4 Defense
Defense Defense Time % Phy DF OF
1 Erik Gudbranson Radko Gudas 60 1 2 2
2 Alex Goligoski Brandon Gormley 40 1 2 2
Last Minutes Offensive
Center Left Wing Right Wing Defense Defense
Matt Duchene Alex Galchenyuk Drew Stafford Erik Gudbranson Alex Goligoski
Last Minutes Defensive
Center Left Wing Right Wing Defense Defense
Max Reinhart Alex Galchenyuk Drew Stafford Erik Gudbranson Taylor Chorney
Goaltenders
Starting : Braden Holtby
Backup : Petr Mrazek
Extra Forwards
Normal : Jeff Skinner, Alex Galchenyuk, Matt Duchene - PP : David Booth, Alex Galchenyuk - PK : Chad Larose
Extra Defensemen
Normal : Brandon Gormley, Erik Gudbranson, Alex Goligoski - PP : Brandon Gormley - PK : Alex Goligoski, Erik Gudbranson
Penalty Shots
Alex Galchenyuk, Jeff Skinner, Kyle Wellwood, Drew Stafford, Matt Duchene
Scratches
Steve Montador (Healthy), Matt Irwin (Healthy)
% Time on Ice - Flyers
Lines # - Real PCT - Wanted PCT - Time Play
Normal Forward
1 - 31% - 33% - 13:05
2 - 30% - 32% - 12:51
3 - 20% - 25% - 8:30
4 - 19% - 10% - 8:03
Normal Defense
1 - 31% - 30% - 13:19
2 - 32% - 30% - 13:47
3 - 33% - 30% - 13:49
4 - 4% - 10% - 1:34
PP Forward
1 - 51% - 50% - 6:02
2 - 49% - 50% - 5:52
PP Defense
1 - 51% - 50% - 6:05
2 - 49% - 50% - 5:49
PK Forward
1 - 48% - 50% - 2:41
2 - 52% - 50% - 2:56
PK Defense
1 - 46% - 50% - 2:36
2 - 54% - 50% - 3:01
PK3 Forward
1 - 0% - 50%
2 - 0% - 50%
PK3 Defense
1 - 0% - 50%
2 - 0% - 50%
44 Forward
1 - 0% - 50%
2 - 0% - 50%
44 Defense
1 - 0% - 50%
2 - 0% - 50%
Last Minute Offensive - 0:00
Last Minute Defensive - 0:00
Total
Forward - 60:00
Defense - 60:00
|
% Time on Ice - Panthers
Lines # - Real PCT - Wanted PCT - Time Play
Normal Forward
1 - 33% - 40% - 14:08
2 - 32% - 30% - 13:25
3 - 21% - 20% - 9:07
4 - 14% - 10% - 5:49
Normal Defense
1 - 43% - 40% - 18:07
2 - 34% - 30% - 14:22
3 - 20% - 20% - 8:30
4 - 4% - 10% - 1:30
PP Forward
1 - 61% - 60% - 3:25
2 - 39% - 40% - 2:12
PP Defense
1 - 66% - 60% - 3:43
2 - 34% - 40% - 1:54
PK Forward
1 - 72% - 60% - 8:35
2 - 28% - 40% - 3:19
PK Defense
1 - 60% - 60% - 7:10
2 - 40% - 40% - 4:44
PK3 Forward
1 - 0% - 60%
2 - 0% - 40%
PK3 Defense
1 - 0% - 60%
2 - 0% - 40%
44 Forward
1 - 0% - 60%
2 - 0% - 40%
44 Defense
1 - 0% - 60%
2 - 0% - 40%
Last Minute Offensive - 0:00
Last Minute Defensive - 0:00
Total
Forward - 60:00
Defense - 60:00
|
Play-by-Play
1st period
0:01 of 1st period - Matt Duchene wins face-off versus Jeff Carter in neutral zone.
0:22 of 1st period - Minor Penalty to Alex Galchenyuk for Slashing.
0:23 of 1st period - Max Reinhart wins face-off versus Jeff Carter in Panthers zone.
1:56 of 1st period - Icing by Oliver Ekman-Larsson.
1:57 of 1st period - Jordan Nolan wins face-off versus Matt Duchene in Flyers zone.
2:22 of 1st period - Penalty to Alex Galchenyuk is over, Alex Galchenyuk is back on ice.
2:22 of 1st period - Drew Stafford is hit by Oliver Ekman-Larsson and loses puck.
2:32 of 1st period - Off-side.
2:33 of 1st period - Matthew Lombardi wins face-off versus Travis Zajac in neutral zone.
3:04 of 1st period - Snap shot by Max Reinhart.
3:04 of 1st period - Shot Misses the Net.
3:10 of 1st period - Slapshot by Tomas Kopecky.
3:10 of 1st period - Stopped by Steve Mason without a rebound.
3:11 of 1st period - Jordan Nolan wins face-off versus Matt Duchene in Flyers zone.
3:11 of 1st period - Jordan Nolan is hit by Matt Duchene.
3:17 of 1st period - Snap shot by Jakub Voracek.
3:17 of 1st period - Stopped by Braden Holtby with a rebound.
3:19 of 1st period - Wrist shot by Jordan Nolan.
3:19 of 1st period - Shot Blocked by Erik Gudbranson.
3:21 of 1st period - Slapshot by Jeff Woywitka.
3:21 of 1st period - Shot Misses the Net.
3:23 of 1st period - Snap shot by Jeff Woywitka.
3:23 of 1st period - Stopped by Braden Holtby without a rebound.
3:24 of 1st period - Matt Duchene wins face-off versus Erik Christensen in Panthers zone.
3:26 of 1st period - Minor Penalty to Matt Duchene for Roughing.
3:27 of 1st period - Jordan Nolan wins face-off versus Max Reinhart in Panthers zone.
5:17 of 1st period - Radko Gudas is hit by Jeff Carter and loses puck.
5:26 of 1st period - Penalty to Matt Duchene is over, Matt Duchene is back on ice.
6:20 of 1st period - Snap shot by David Booth.
6:20 of 1st period - Stopped by Steve Mason with a rebound.
7:51 of 1st period - Snap shot by Jeff Skinner.
7:51 of 1st period - Stopped by Steve Mason with a rebound.
8:05 of 1st period - Snap shot by Jeff Carter.
8:05 of 1st period - Shot Misses the Net.
8:35 of 1st period - Wrist shot by Ryan Callahan.
8:35 of 1st period - Shot Misses the Net.
8:37 of 1st period - Slapshot by Oliver Ekman-Larsson.
8:37 of 1st period - Deflect By Chris Mcallister.
8:37 of 1st period - Shot Blocked by Taylor Chorney.
8:37 of 1st period - Puck is out of play.
8:38 of 1st period - Matt Duchene wins face-off versus Matthew Lombardi in Panthers zone.
8:43 of 1st period - Snap shot by Drew Stafford.
8:43 of 1st period - Deflect By Ryan Callahan.
8:43 of 1st period - Stopped by Steve Mason without a rebound.
8:44 of 1st period - Jeff Carter wins face-off versus Matt Duchene in Flyers zone.
8:53 of 1st period - Radko Gudas is hit by Jeff Carter and loses puck.
9:30 of 1st period - Snap shot by Mats Zuccarello.
9:30 of 1st period - Shot Misses the Net.
9:32 of 1st period - Slapshot by Jeff Woywitka.
9:32 of 1st period - Stopped by Braden Holtby with a rebound.
9:34 of 1st period - Slapshot by Jeff Woywitka.
9:34 of 1st period - Deflect By Radko Gudas.
9:34 of 1st period - Stopped by Braden Holtby with a rebound.
9:36 of 1st period - Wrist shot by Drew Miller.
9:36 of 1st period - Shot Hit the Post.
9:38 of 1st period - Snap shot by Drew Miller.
9:38 of 1st period - Shot Misses the Net.
9:40 of 1st period - Slapshot by Nathan Beaulieu.
9:40 of 1st period - Shot Misses the Net.
10:24 of 1st period - Slapshot by Jakub Voracek.
10:24 of 1st period - Shot Misses the Net.
10:38 of 1st period - Wrist shot by Ryan Callahan.
10:38 of 1st period - Shot Misses the Net.
10:40 of 1st period - Slapshot by Chris Mcallister.
10:40 of 1st period - Deflect By Matthew Lombardi.
10:40 of 1st period - Goal by Matthew Lombardi - Flyers : 1 - Panthers : 0.
10:41 of 1st period - Jeff Carter wins face-off versus Travis Zajac in neutral zone.
10:44 of 1st period - Alex Goligoski is hit by Jeff Carter and loses puck.
10:53 of 1st period - Slapshot by Jeff Carter.
10:53 of 1st period - Stopped by Braden Holtby with a rebound.
11:11 of 1st period - Wrist shot by Jordan Nolan.
11:11 of 1st period - Shot Misses the Net.
11:13 of 1st period - Slapshot by Jordan Nolan.
11:13 of 1st period - Shot Blocked by Alex Goligoski.
11:45 of 1st period - Minor Penalty to Drew Miller for Hooking.
11:46 of 1st period - Matt Duchene wins face-off versus Matthew Lombardi in Flyers zone.
13:45 of 1st period - Penalty to Drew Miller is over, Drew Miller is back on ice.
13:57 of 1st period - Snap shot by Drew Miller.
13:57 of 1st period - Shot Misses the Net.
14:25 of 1st period - Off-side.
14:26 of 1st period - Jeff Carter wins face-off versus Max Reinhart in neutral zone.
14:39 of 1st period - Wrist shot by Marcus Kruger.
14:39 of 1st period - Deflect By Drew Miller.
14:39 of 1st period - Shot Misses the Net.
14:39 of 1st period - Puck is out of play.
14:40 of 1st period - Matt Duchene wins face-off versus Jeff Carter in Panthers zone.
14:49 of 1st period - J.T. Miller is hit by Drew Stafford and loses puck.
14:58 of 1st period - Drew Stafford is hit by Nathan Beaulieu and loses puck.
15:14 of 1st period - Minor Penalty to Ryan Strome for Hooking.
15:15 of 1st period - Jordan Nolan wins face-off versus Max Reinhart in Panthers zone.
17:14 of 1st period - Penalty to Ryan Strome is over, Ryan Strome is back on ice.
17:14 of 1st period - Icing by Marcus Kruger.
17:15 of 1st period - Travis Zajac wins face-off versus Jeff Carter in Flyers zone.
17:34 of 1st period - Wrist shot by Ryan Callahan.
17:34 of 1st period - Shot Misses the Net.
18:10 of 1st period - Icing by Ryan Callahan.
18:11 of 1st period - Matt Duchene wins face-off versus Matthew Lombardi in Flyers zone.
18:12 of 1st period - Wrist shot by Alex Galchenyuk.
18:12 of 1st period - Deflect By Matt Duchene.
18:12 of 1st period - Shot Misses the Net.
18:12 of 1st period - Puck is out of play.
18:13 of 1st period - Jordan Nolan wins face-off versus Matt Duchene in Flyers zone.
18:24 of 1st period - Drew Stafford is hit by Oliver Ekman-Larsson and loses puck.
18:53 of 1st period - Snap shot by Andrei Kostitsyn.
18:53 of 1st period - Shot Misses the Net.
19:07 of 1st period - Snap shot by Erik Christensen.
19:07 of 1st period - Deflect By Drew Miller.
19:07 of 1st period - Goal by Drew Miller - Flyers : 2 - Panthers : 0.
19:08 of 1st period - Jordan Nolan wins face-off versus Matt Duchene in neutral zone.
19:15 of 1st period - Wrist shot by Jakub Voracek.
19:15 of 1st period - Goal by Jakub Voracek - Flyers : 3 - Panthers : 0.
19:16 of 1st period - Drew Stafford wins face-off versus Jordan Nolan in neutral zone.
19:23 of 1st period - Wrist shot by Jakub Voracek.
19:23 of 1st period - Stopped by Braden Holtby without a rebound.
19:24 of 1st period - Matt Duchene wins face-off versus Jordan Nolan in Panthers zone.
19:35 of 1st period - Snap shot by Jordan Nolan.
19:35 of 1st period - Shot Misses the Net.
19:37 of 1st period - Backhand shot by Oliver Ekman-Larsson.
19:37 of 1st period - Shot Hit the Post.
19:39 of 1st period - Slapshot by Jonathan Ericsson.
19:39 of 1st period - Stopped by Braden Holtby with a rebound.
19:41 of 1st period - Snap shot by Jordan Nolan.
19:41 of 1st period - Stopped by Braden Holtby without a rebound.
19:42 of 1st period - Erik Christensen wins face-off versus Travis Zajac in Panthers zone.
19:49 of 1st period - Slapshot by Drew Miller.
19:49 of 1st period - Stopped by Braden Holtby without a rebound.
19:50 of 1st period - Erik Christensen wins face-off versus Travis Zajac in Panthers zone.
Goals for this period are 3 for Flyers vs 0 for Panthers.
Shots for this period are 12 for Flyers vs 4 for Panthers.
2nd period
0:01 of 2nd period - Jeff Carter wins face-off versus Matt Duchene in neutral zone.
0:06 of 2nd period - Snap shot by J.T. Miller.
0:06 of 2nd period - Shot Misses the Net.
0:08 of 2nd period - Wrist shot by Oliver Ekman-Larsson.
0:08 of 2nd period - Stopped by Braden Holtby with a rebound.
0:26 of 2nd period - Jakub Voracek is hit by Erik Gudbranson and loses puck.
0:55 of 2nd period - Erik Christensen is hit by Andrei Kostitsyn and loses puck.
1:16 of 2nd period - Alex Goligoski is hit by Chris Mcallister and loses puck.
1:35 of 2nd period - Snap shot by Matt Duchene.
1:35 of 2nd period - Stopped by Steve Mason without a rebound.
1:36 of 2nd period - Jordan Nolan wins face-off versus Matt Duchene in Flyers zone.
1:51 of 2nd period - Slapshot by Jakub Voracek.
1:51 of 2nd period - Shot Misses the Net.
1:53 of 2nd period - Slapshot by Matt Smaby.
1:53 of 2nd period - Stopped by Braden Holtby without a rebound.
1:54 of 2nd period - Jeff Carter wins face-off versus Travis Zajac in Panthers zone.
2:10 of 2nd period - Icing by Travis Zajac.
2:11 of 2nd period - Travis Zajac wins face-off versus Mats Zuccarello in Panthers zone.
3:27 of 2nd period - Slapshot by David Booth.
3:27 of 2nd period - Stopped by Steve Mason with a rebound.
3:29 of 2nd period - Slapshot by Erik Gudbranson.
3:29 of 2nd period - Shot Misses the Net.
3:43 of 2nd period - Slapshot by Mats Zuccarello.
3:43 of 2nd period - Stopped by Braden Holtby without a rebound.
3:44 of 2nd period - Erik Christensen wins face-off versus Alex Galchenyuk in Panthers zone.
4:16 of 2nd period - Slapshot by Alex Goligoski.
4:16 of 2nd period - Stopped by Steve Mason with a rebound.
4:36 of 2nd period - Brock Nelson is hit by Kyle Wellwood and loses puck.
5:07 of 2nd period - Chris Mcallister is hit by Tomas Kopecky and loses puck.
6:43 of 2nd period - Wrist shot by Andrei Kostitsyn.
6:43 of 2nd period - Stopped by Steve Mason without a rebound.
6:44 of 2nd period - Jeff Carter wins face-off versus Max Reinhart in Flyers zone.
6:51 of 2nd period - Snap shot by Marcus Kruger.
6:51 of 2nd period - Stopped by Braden Holtby with a rebound.
6:53 of 2nd period - Snap shot by J.T. Miller.
6:53 of 2nd period - Stopped by Braden Holtby without a rebound.
6:54 of 2nd period - Matt Duchene wins face-off versus Jeff Carter in Panthers zone.
6:54 of 2nd period - Matt Duchene is hit by J.T. Miller.
7:00 of 2nd period - Slapshot by Matt Duchene.
7:00 of 2nd period - Shot Misses the Net.
7:14 of 2nd period - Backhand shot by J.T. Miller.
7:14 of 2nd period - Shot Blocked by Matt Duchene.
7:18 of 2nd period - Slapshot by Jeff Carter.
7:18 of 2nd period - Goal by Jeff Carter - Flyers : 4 - Panthers : 0.
7:18 of 2nd period - Petr Mrazek enters game.
7:19 of 2nd period - Matt Duchene wins face-off versus Jordan Nolan in neutral zone.
7:48 of 2nd period - Icing by Mats Zuccarello.
7:49 of 2nd period - Erik Christensen wins face-off versus Travis Zajac in Flyers zone.
7:54 of 2nd period - Snap shot by Erik Christensen.
7:54 of 2nd period - Shot Blocked by Ryan Strome.
7:56 of 2nd period - Slapshot by Matt Smaby.
7:56 of 2nd period - Shot Misses the Net.
7:58 of 2nd period - Slapshot by Erik Christensen.
7:58 of 2nd period - Stopped by Petr Mrazek without a rebound.
7:59 of 2nd period - Matt Duchene wins face-off versus Jordan Nolan in Panthers zone.
9:16 of 2nd period - Wrist shot by Chris Mcallister.
9:16 of 2nd period - Stopped by Petr Mrazek without a rebound.
9:17 of 2nd period - Matthew Lombardi wins face-off versus Matt Duchene in Panthers zone.
9:28 of 2nd period - Slapshot by Oliver Ekman-Larsson.
9:28 of 2nd period - Stopped by Petr Mrazek with a rebound.
9:30 of 2nd period - Wrist shot by Matthew Lombardi.
9:30 of 2nd period - Shot Misses the Net.
9:32 of 2nd period - Slapshot by Chris Mcallister.
9:32 of 2nd period - Stopped by Petr Mrazek with a rebound.
9:42 of 2nd period - Jordan Nolan is hit by Brandon Gormley and loses puck.
9:53 of 2nd period - Slapshot by Jordan Nolan.
9:53 of 2nd period - Stopped by Petr Mrazek with a rebound.
10:17 of 2nd period - Slapshot by Alex Goligoski.
10:17 of 2nd period - Stopped by Steve Mason without a rebound.
10:18 of 2nd period - Matt Duchene wins face-off versus Jordan Nolan in Flyers zone.
10:21 of 2nd period - Wrist shot by Matt Duchene.
10:21 of 2nd period - Shot Misses the Net.
10:23 of 2nd period - Slapshot by Alex Galchenyuk.
10:23 of 2nd period - Deflect By Jeff Woywitka.
10:23 of 2nd period - Goal by Alex Galchenyuk - Flyers : 4 - Panthers : 1.
10:24 of 2nd period - Matt Duchene wins face-off versus Jeff Carter in neutral zone.
10:55 of 2nd period - Wrist shot by Ryan Strome.
10:55 of 2nd period - Stopped by Steve Mason without a rebound.
10:56 of 2nd period - Travis Zajac wins face-off versus Jakub Voracek in Flyers zone.
11:52 of 2nd period - Slapshot by Jeff Carter.
11:52 of 2nd period - Shot Misses the Net.
12:41 of 2nd period - Snap shot by Matt Duchene.
12:41 of 2nd period - Stopped by Steve Mason with a rebound.
12:43 of 2nd period - Slapshot by Alex Galchenyuk.
12:43 of 2nd period - Deflect By Drew Stafford.
12:43 of 2nd period - Stopped by Steve Mason without a rebound.
12:44 of 2nd period - Travis Zajac wins face-off versus Jeff Carter in Flyers zone.
12:51 of 2nd period - Snap shot by Travis Zajac.
12:51 of 2nd period - Deflect By Jeff Skinner.
12:51 of 2nd period - Shot Blocked by J.T. Miller.
12:51 of 2nd period - Puck is out of play.
12:52 of 2nd period - Travis Zajac wins face-off versus Jeff Carter in Flyers zone.
12:53 of 2nd period - Wrist shot by Jeff Skinner.
12:53 of 2nd period - Shot Misses the Net.
12:57 of 2nd period - Slapshot by Travis Zajac.
12:57 of 2nd period - Shot Misses the Net.
12:59 of 2nd period - Wrist shot by Alex Goligoski.
12:59 of 2nd period - Stopped by Steve Mason with a rebound.
13:01 of 2nd period - Slapshot by Travis Zajac.
13:01 of 2nd period - Stopped by Steve Mason with a rebound.
13:19 of 2nd period - Wrist shot by Travis Zajac.
13:19 of 2nd period - Shot Misses the Net.
13:25 of 2nd period - Wrist shot by Jeff Skinner.
13:25 of 2nd period - Shot Misses the Net.
13:40 of 2nd period - Minor Penalty to J.T. Miller for Tripping.
13:41 of 2nd period - Matthew Lombardi wins face-off versus Alex Galchenyuk in Flyers zone.
14:07 of 2nd period - Erik Gudbranson is hit by Brian Lashoff and loses puck.
14:26 of 2nd period - Slapshot by Oliver Ekman-Larsson.
14:26 of 2nd period - Shot Blocked by Drew Stafford.
14:42 of 2nd period - Jeff Woywitka is hit by Brandon Gormley and loses puck.
15:40 of 2nd period - Penalty to J.T. Miller is over, J.T. Miller is back on ice.
15:51 of 2nd period - Slapshot by Max Reinhart.
15:51 of 2nd period - Shot Hit the Post.
16:38 of 2nd period - Alex Goligoski is hit by Oliver Ekman-Larsson and loses puck.
17:19 of 2nd period - Max Reinhart is hit by Brock Nelson and loses puck.
18:37 of 2nd period - Drew Miller is hit by Travis Zajac and loses puck.
18:50 of 2nd period - Slapshot by Matt Smaby.
18:50 of 2nd period - Stopped by Petr Mrazek with a rebound.
18:58 of 2nd period - Minor Penalty to Radko Gudas for Goalie Interference.
18:59 of 2nd period - Jeff Carter wins face-off versus Max Reinhart in Panthers zone.
19:06 of 2nd period - Slapshot by Marcus Kruger.
19:06 of 2nd period - Shot Misses the Net.
19:38 of 2nd period - Slapshot by Erik Gudbranson.
19:38 of 2nd period - Stopped by Steve Mason with a rebound.
19:40 of 2nd period - Snap shot by Chad Larose.
19:40 of 2nd period - Shot Misses the Net.
19:42 of 2nd period - Backhand shot by Travis Zajac.
19:42 of 2nd period - Stopped by Steve Mason without a rebound.
19:43 of 2nd period - Max Reinhart wins face-off versus Jeff Carter in Flyers zone.
Goals for this period are 1 for Flyers vs 1 for Panthers.
Shots for this period are 12 for Flyers vs 13 for Panthers.
3rd period
0:01 of 3rd period - Max Reinhart wins face-off versus Jakub Voracek in neutral zone.
0:04 of 3rd period - Jordan Nolan is hit by Max Reinhart and loses puck.
0:55 of 3rd period - Travis Zajac is hit by Oliver Ekman-Larsson.
0:58 of 3rd period - Penalty to Radko Gudas is over, Radko Gudas is back on ice.
2:58 of 3rd period - Max Reinhart is hit by Oliver Ekman-Larsson and loses puck.
3:11 of 3rd period - Erik Christensen is hit by Matt Duchene and loses puck.
3:37 of 3rd period - Alex Goligoski is hit by Matt Smaby and loses puck.
3:52 of 3rd period - Slapshot by Brian Lashoff.
3:52 of 3rd period - Shot Blocked by Erik Gudbranson.
4:22 of 3rd period - Taylor Chorney is hit by Mats Zuccarello and loses puck.
4:46 of 3rd period - Minor Penalty to Andrei Kostitsyn for Tripping.
4:47 of 3rd period - Max Reinhart wins face-off versus Jordan Nolan in Panthers zone.
4:57 of 3rd period - Wrist shot by Jakub Voracek.
4:57 of 3rd period - Shot Blocked by Drew Stafford.
6:46 of 3rd period - Penalty to Andrei Kostitsyn is over, Andrei Kostitsyn is back on ice.
7:12 of 3rd period - Chris Mcallister is hit by Chad Larose and loses puck.
7:25 of 3rd period - Slapshot by Matthew Lombardi.
7:25 of 3rd period - Stopped by Petr Mrazek with a rebound.
7:43 of 3rd period - Minor Penalty to Max Reinhart for Hooking.
7:44 of 3rd period - Chad Larose wins face-off versus Jeff Carter in Panthers zone.
8:07 of 3rd period - Jeff Woywitka is hit by Matt Duchene and loses puck.
9:43 of 3rd period - Penalty to Max Reinhart is over, Max Reinhart is back on ice.
10:26 of 3rd period - Brian Lashoff is hit by Brandon Gormley and loses puck.
10:33 of 3rd period - Slapshot by Kyle Wellwood.
10:33 of 3rd period - Shot Misses the Net.
12:00 of 3rd period - Jonathan Sigalet is hit by Jordan Nolan and loses puck.
12:23 of 3rd period - Wrist shot by Travis Zajac.
12:23 of 3rd period - Deflect By Jeff Skinner.
12:23 of 3rd period - Shot Blocked by Oliver Ekman-Larsson.
12:23 of 3rd period - Oliver Ekman-Larsson from Flyers is injured at 12:23 of 3rd period (Bruised Right Arm).
12:24 of 3rd period - Jeff Carter wins face-off versus Matt Duchene in Flyers zone.
12:33 of 3rd period - Snap shot by J.T. Miller.
12:33 of 3rd period - Shot Blocked by Erik Gudbranson.
12:35 of 3rd period - Slapshot by Jeff Woywitka.
12:35 of 3rd period - Shot Blocked by Alex Galchenyuk.
12:37 of 3rd period - Snap shot by Jeff Carter.
12:37 of 3rd period - Shot Misses the Net.
12:39 of 3rd period - Slapshot by Jeff Woywitka.
12:39 of 3rd period - Stopped by Petr Mrazek without a rebound.
12:40 of 3rd period - Travis Zajac wins face-off versus Jordan Nolan in Panthers zone.
12:49 of 3rd period - Wrist shot by Travis Zajac.
12:49 of 3rd period - Shot Misses the Net.
12:54 of 3rd period - Off-side.
12:55 of 3rd period - Matt Duchene wins face-off versus Jeff Carter in neutral zone.
14:12 of 3rd period - Backhand shot by David Booth.
14:12 of 3rd period - Stopped by Steve Mason without a rebound.
14:13 of 3rd period - Jordan Nolan wins face-off versus Kyle Wellwood in Flyers zone.
14:18 of 3rd period - Slapshot by Jakub Voracek.
14:18 of 3rd period - Stopped by Petr Mrazek with a rebound.
14:20 of 3rd period - Wrist shot by Jordan Nolan.
14:20 of 3rd period - Shot Misses the Net.
14:22 of 3rd period - Slapshot by Nathan Beaulieu.
14:22 of 3rd period - Shot Blocked by Chad Larose.
14:28 of 3rd period - Wrist shot by Jordan Nolan.
14:28 of 3rd period - Stopped by Petr Mrazek with a rebound.
14:30 of 3rd period - Slapshot by Nathan Beaulieu.
14:30 of 3rd period - Deflect By Alex Goligoski.
14:30 of 3rd period - Stopped by Petr Mrazek without a rebound.
14:31 of 3rd period - Matt Duchene wins face-off versus Jeff Carter in Panthers zone.
14:35 of 3rd period - Off-side.
14:36 of 3rd period - Matt Duchene wins face-off versus Jeff Carter in neutral zone.
14:38 of 3rd period - Off-side.
14:39 of 3rd period - Matt Duchene wins face-off versus Jeff Carter in neutral zone.
14:52 of 3rd period - Wrist shot by Alex Galchenyuk.
14:52 of 3rd period - Shot Blocked by Jeff Woywitka.
14:54 of 3rd period - Snap shot by Jonathan Sigalet.
14:54 of 3rd period - Shot Blocked by Nathan Beaulieu.
14:56 of 3rd period - Snap shot by Matt Duchene.
14:56 of 3rd period - Stopped by Steve Mason without a rebound.
14:57 of 3rd period - Travis Zajac wins face-off versus Jordan Nolan in Flyers zone.
15:04 of 3rd period - Snap shot by Brock Nelson.
15:04 of 3rd period - Stopped by Petr Mrazek with a rebound.
15:06 of 3rd period - Wrist shot by Jordan Nolan.
15:06 of 3rd period - Stopped by Petr Mrazek without a rebound.
15:07 of 3rd period - Jordan Nolan wins face-off versus Travis Zajac in Panthers zone.
15:26 of 3rd period - Wrist shot by Jakub Voracek.
15:26 of 3rd period - Stopped by Petr Mrazek without a rebound.
15:27 of 3rd period - Jeff Carter wins face-off versus Matt Duchene in Panthers zone.
15:30 of 3rd period - Snap shot by Jeff Carter.
15:30 of 3rd period - Shot Misses the Net.
15:32 of 3rd period - Slapshot by Brian Lashoff.
15:32 of 3rd period - Shot Misses the Net.
15:54 of 3rd period - Brandon Gormley is hit by Matt Smaby and loses puck.
16:05 of 3rd period - Backhand shot by Matt Duchene.
16:05 of 3rd period - Stopped by Steve Mason without a rebound.
16:06 of 3rd period - Travis Zajac wins face-off versus Jordan Nolan in Flyers zone.
16:07 of 3rd period - Slapshot by Erik Gudbranson.
16:07 of 3rd period - Stopped by Steve Mason without a rebound.
16:08 of 3rd period - Travis Zajac wins face-off versus Jordan Nolan in Flyers zone.
16:09 of 3rd period - Wrist shot by Jeff Skinner.
16:09 of 3rd period - Shot Misses the Net.
16:34 of 3rd period - Snap shot by Alex Galchenyuk.
16:34 of 3rd period - Stopped by Steve Mason with a rebound.
16:40 of 3rd period - Slapshot by Drew Stafford.
16:40 of 3rd period - Shot Misses the Net.
16:42 of 3rd period - Snap shot by Alex Galchenyuk.
16:42 of 3rd period - Shot Misses the Net.
16:44 of 3rd period - Snap shot by Alex Galchenyuk.
16:44 of 3rd period - Stopped by Steve Mason without a rebound.
16:45 of 3rd period - Erik Christensen wins face-off versus Max Reinhart in Flyers zone.
17:15 of 3rd period - Off-side.
17:16 of 3rd period - Jeff Carter wins face-off versus Matt Duchene in neutral zone.
17:46 of 3rd period - Icing by Jeff Woywitka.
17:47 of 3rd period - Travis Zajac wins face-off versus Jordan Nolan in Flyers zone.
18:20 of 3rd period - Minor Penalty to Jeff Woywitka for Tripping.
18:21 of 3rd period - Matthew Lombardi wins face-off versus Matt Duchene in Flyers zone.
18:33 of 3rd period - Snap shot by Drew Stafford.
18:33 of 3rd period - Deflect By Alex Galchenyuk.
18:33 of 3rd period - Shot Blocked by Brian Lashoff.
18:33 of 3rd period - Puck is out of play.
18:34 of 3rd period - Matt Duchene wins face-off versus Matthew Lombardi in Flyers zone.
18:57 of 3rd period - Radko Gudas is hit by Jordan Nolan.
19:21 of 3rd period - Snap shot by Matt Duchene.
19:21 of 3rd period - Stopped by Steve Mason without a rebound.
19:22 of 3rd period - Matthew Lombardi wins face-off versus Travis Zajac in Flyers zone.
Goals for this period are 0 for Flyers vs 0 for Panthers.
Shots for this period are 8 for Flyers vs 7 for Panthers.